 Dungeon Crawl Stone Soup version 0.21.1-1-g345015f (webtiles) character file.

102 LostNumber the Grave Robber (level 4, 0/33 HPs)
             Began as a Demonspawn Necromancer on May 21, 2018.
             Succumbed to an adder's poison
             ... on level 3 of the Dungeon.
             The game lasted 00:03:32 (2555 turns).

LostNumber the Grave Robber (DsNe)                  Turns: 2555, Time: 00:03:33

Health: 0/33       AC:  2    Str:  8    XL:     4   Next: 50%
Magic:  7/7        EV: 12    Int: 23    God:
Gold:   96         SH:  0    Dex: 13    Spells: 6/7 levels left

rFire    . . .     SeeInvis .   i - +2 spear (venom)
rCold    . . .     Gourm    .   (no shield)
rNeg     . . .     Faith    .   a - +0 robe
rPois    .         Spirit   .   (no helmet)
rElec    .         Reflect  .   (no cloak)
rCorr    .         Harm     .   (no gloves)
MR       +....                  (no boots)
Stlth    ++........             (no amulet)
HPRegen  0.11/turn              (no ring)
MPRegen  0.10/turn              (no ring)

@: brilliant, lethally poisoned (0 -> -3)
A: talons 1, blurry vision 1, demonic guardian 1, magic resistance 1
a: no special abilities


You were on level 3 of the Dungeon.
You were not hungry.

You visited 1 branch of the dungeon, and saw 3 of its levels.

You collected 96 gold pieces.

Inventory:

Hand Weapons
 h - a +0 club
 i - a +2 spear of venom (weapon)
Armour
 a - a +0 robe (worn)
Jewellery
 j - a cursed ring of teleportation {unknown}
Wands
 l - a wand of paralysis (23)
Scrolls
 d - 3 scrolls of enchant armour {unknown}
 f - 2 scrolls of remove curse {unknown}
 g - 2 scrolls of identify {unknown}
 n - a scroll of magic mapping {unknown}
 o - 2 scrolls of teleportation {unknown}
Potions
 e - a potion of brilliance
Books
 b - a book of Necromancy

   Spells                             Type                      Level
   a - Pain                           Necromancy                   1
   b - Animate Skeleton               Necromancy                   1
   c - Vampiric Draining              Necromancy                   3
   d - Regeneration                   Charms/Necromancy            3
   e - Animate Dead                   Necromancy                   4
   f - Borgnjor's Vile Clutch         Necromancy/Earth             5
Comestibles
 c - 4 rations


   Skills:
 + Level 1.6 Fighting
 * Level 1.6 Maces & Flails
 + Level 1.3 Armour
 + Level 2.3 Dodging
 - Level 1.7 Stealth
 - Level 2.0 Spellcasting
 + Level 4.8 Necromancy


You had 6 spell levels left.
You knew the following spells:

 Your Spells              Type           Power        Failure   Level  Hunger
a - Pain                  Necr           ####         1%          1    #......


Dungeon Overview and Level Annotations

Branches:
Dungeon (3/15)

Altars:
Nemelex Xobeh
Sif Muna


Innate Abilities, Weirdness & Mutations

You have sharp toenails.
A weak demonic guardian rushes to your aid.
Scrolls take you a little longer to read.
You are resistant to hostile enchantments. (MR+)


Message History

It was a potion of mutation.
You feel extremely strange.
Your vision blurs.
You feel resistant to hostile enchantments.
* * * LOW HITPOINT WARNING * * *
You feel sick.
There is a lethal amount of poison in your body!
There is a lethal amount of poison in your body!
There is a lethal amount of poison in your body!
There is a lethal amount of poison in your body!
There is a lethal amount of poison in your body!
There is a lethal amount of poison in your body!
There is a lethal amount of poison in your body!
There is a lethal amount of poison in your body!
There is a lethal amount of poison in your body!
* * * LOW HITPOINT WARNING * * *
You feel sick.
* * * LOW HITPOINT WARNING * * *
You feel sick.
Unknown command.
You die...

.# .# # .# #########.##.
###.#######............
##.#.[..........@.#.....
#...########.####†# ##.
.........................
#...########.####.#......
##.## #.# #.......# #.#
#.# #.# ##### #.# #.# #.#
#.#########.## #.#
#............###.#.#


There were no monsters in sight!

Vanquished Creatures
  4 adders
  3 leopard geckos
  3 giant cockroaches
  5 goblins
  9 hobgoblins
  7 jackals
  7 kobolds
  8 bats
  6 frilled lizards
  9 rats
61 creatures vanquished.

Notes
Turn   | Place    | Note
-------+----------+-------------------------------------------
     0 | D:1      | LostNumber the Demonspawn Necromancer began the quest for the Orb.
     0 | D:1      | Reached XP level 1. HP: 13/13 MP: 3/3
   561 | D:1      | Gained mutation: You have sharp toenails. [demonic ancestry]
   561 | D:1      | Reached XP level 2. HP: 18/20 MP: 0/5
   834 | D:1      | Reached skill level 1 in Fighting
   959 | D:1      | Gained mutation: A weak demonic guardian rushes to your aid. [demonic ancestry]
   959 | D:1      | Reached XP level 3. HP: 16/26 MP: 6/6
   972 | D:1      | Reached skill level 1 in Armour
  1191 | D:2      | Reached skill level 1 in Maces & Flails
  1961 | D:2      | Found a sparkling altar of Nemelex Xobeh.
  1994 | D:2      | Reached XP level 4. HP: 32/32 MP: 7/7
  2433 | D:3      | Found a deep blue altar of Sif Muna.
  2548 | D:3      | Gained mutation: Scrolls take you a little longer to read. [potion of mutation]
  2548 | D:3      | Gained mutation: You are resistant to hostile enchantments. (MR+) [potion of mutation]
  2552 | D:3      | HP: 1/33 [poisoned by an adder]
  2555 | D:3      | Succumbed to an adder's poison

Skill      XL: |  1  2  3 |
---------------+----------+-----
Dodging        | 2 |  2.3
Fighting       | 1 |  1.6
Armour         | 1 |  1.3
Maces & Flails | 1 |  1.6
Stealth        | |  1.7
Spellcasting   | |  2.0
Necromancy     | |  4.8

Action                   |  1- 3 |  4- 6 || total
-------------------------+-------+-------++-------
Melee: Unarmed           |     5 |       ||     5
       Spear             |    92 |    30 ||   122
       Club              |    14 |       ||    14
       Kick              |     9 |     3 ||    12
 Cast: Pain              |    18 |       ||    18
  Use: Potion            |       |     2 ||     2
 Stab: Sleeping          |     5 |     2 ||     7
       Distracted        |       |     2 ||     2
  Eat: Chunk             |     3 |     3 ||     6
Armor: Robe              |    16 |       ||    16
Dodge: Dodged            |    71 |    13 ||    84
